 Dungeon Crawl Stone Soup version 0.25-a0-577-ga4619f409e (webtiles) character file.

Game seed: 18002808695204167789, levelgen mode: deterministic

95 Kohma the Grasshopper (level 4, -4/38 HPs)
             Began as a Gnoll Warper on Mar 2, 2020.
             Slain by a gnoll
             ... wielding a +0 halberd
              (15 damage)
             ... on level 3 of the Dungeon.
             The game lasted 00:04:27 (2154 turns).

Kohma the Grasshopper (Gnoll Warper)                Turns: 2154, Time: 00:04:28

Health: -4/38      AC:  6    Str: 14    XL:     4   Next: 66%
Magic:  9/11       EV: 13    Int: 16    God:
Gold:   81         SH:  0    Dex: 14    Spells: 6/13 levels left

rFire    . . .     SeeInvis .   g - +2 hand axe (vamp)
rCold    . . .     Gourm    .   (no shield)
rNeg     . . .     Faith    .   n - +0 ring mail
rPois    .         Spirit   .   (no helmet)
rElec    .         Reflect  .   (no cloak)
rCorr    .         Harm     .   (no gloves)
MR       .....                  j - +0 pair of boots
Stlth    +.........             (no amulet)
HPRegen  0.12/turn              (no ring)
MPRegen  0.12/turn              (no ring)

@: very slightly contaminated
A: distributed training, fangs 1, strong nose
a: no special abilities


You were on level 3 of the Dungeon.
You were not hungry.

You visited 1 branch of the dungeon, and saw 3 of its levels.

You collected 81 gold pieces.

Inventory:

Hand Weapons
 a - a +0 falchion
 g - a +2 vampiric hand axe (weapon)
 p - a +2 dagger of venom
Missiles
 e - 5 boomerangs of dispersal (quivered)
 l - 5 atropa-tipped darts
 m - 145 stones
 w - 31 bolts
Armour
 b - a +0 leather armour
 j - a +0 pair of boots (worn)
 n - a +0 ring mail (worn)
Jewellery
 c - an uncursed amulet of faith {unknown}
 r - an uncursed ring of protection from magic {unknown}
Scrolls
 d - a scroll of blinking
 h - a scroll of remove curse {unknown}
 o - a scroll of random uselessness {unknown}
 s - a scroll of magic mapping {unknown}
 u - a scroll of identify {unknown}
 x - a scroll of fear {unknown}
Potions
 i - a potion of magic {unknown}
 k - a potion of haste {unknown}
 q - 2 potions of lignification {unknown}
 t - a potion of heal wounds {unknown}
 z - a potion of cancellation {unknown}
Comestibles
 f - 4 rations
 v - a chunk of flesh


   Skills:
 + Level 4.6 Fighting
 + Level 1.2 Short Blades
 + Level 4.6 Long Blades
 + Level 1.2 Axes
 + Level 1.2 Maces & Flails
 + Level 1.2 Polearms
 + Level 1.2 Staves
 + Level 1.2 Slings
 + Level 1.2 Bows
 + Level 1.2 Crossbows
 + Level 2.8 Throwing
 + Level 2.8 Armour
 + Level 4.6 Dodging
 + Level 1.2 Stealth
 + Level 1.2 Shields
 + Level 1.2 Unarmed Combat
 + Level 5.1 Spellcasting
 + Level 1.0 Conjurations
 + Level 1.0 Hexes
 + Level 1.0 Charms
 + Level 1.0 Summonings
 + Level 1.0 Necromancy
 + Level 5.5 Translocations
 + Level 1.0 Transmutations
 + Level 1.0 Fire Magic
 + Level 1.0 Ice Magic
 + Level 1.0 Air Magic
 + Level 1.0 Earth Magic
 + Level 1.0 Poison Magic
 + Level 1.3 Invocations
 + Level 1.2 Evocations


You had 6 spell levels left.
You knew the following spells:

 Your Spells              Type           Power        Failure   Level  Hunger
a - Blink                 Tloc           N/A          4%          2    #......
b - Shroud of Golubria    Chrm/Tloc      ##....       12%         2    #......
c - Confusing Touch       Hex            #.......     52%         3    ###....

Your spell library contained the following spells:

 Spells                   Type           Power        Failure   Level  Hunger
 Gell's Gravitas          Tloc           ###.......   10%         3    ###....
 Lesser Beckoning         Tloc           ###.......   10%         3    ###....
 Teleport Other           Tloc           ###.....     10%         3    ###....
 Passage of Golubria      Tloc           N/A          30%         4    ####...
 Petrify                  Tmut/Erth      #.......     89%         4    ####...
 Metabolic Englaciation   Hex/Ice        #.........   99%         5    ######.
 Yara's Violent Unravell  Hex/Tmut       #.........   99%         5    ######.


Dungeon Overview and Level Annotations

Branches:
Dungeon (3/15)

Altars:


Innate Abilities, Weirdness & Mutations

Your experience applies equally to all skills.
You have very sharp teeth.
Your uncanny sense of smell can sniff out nearby items.


Message History

The gnoll hits you with a +0 halberd! The gnoll closely misses you.
The gnoll barely misses you. The gnoll misses you.
The gnoll hits you from afar with a +0 spear.
Casting: Shroud of Golubria (safe; 12% risk of failure)
Confirm with . or Enter, or press ? or * to list all spells.
You miscast Shroud of Golubria.
You are very lightly contaminated with residual magic.
Waves of light ripple over your body. The gnoll misses you.
The gnoll hits you but does no damage. The gnoll misses you.
The gnoll hits you with a cursed -1 halberd.
* * * LOW HITPOINT WARNING * * *
The gnoll misses you. The gnoll hits you with a +0 spear.
* * * LOW HITPOINT WARNING * * *
You hit the gnoll. You bite the gnoll, but do no damage.
The gnoll is almost dead.
You hit the gnoll but do no damage. You hit the gnoll.
You feel better. The gnoll barely misses you.
The gnoll hits you but does no damage. The gnoll hits you with a +0 halberd!
You die...

###############
#.$...........#
#.......#####.#
#...^...#<....#
#......########
#..##.#.....#
#..##.#g###.#
.......g@..)#
##....#g#####
........#
........#
........#
..$.....#
..#####.# #.


You could see 3 gnolls.

Vanquished Creatures
  Terence (D:2)
  An ooze (D:2)
  A worm (D:2)
  3 leopard geckos (D:1)
  3 orcs (D:2)
  5 bats
  4 giant cockroaches
  4 goblins (D:1)
  7 hobgoblins
  2 jackals (D:1)
  11 kobolds
  5 frilled lizards
  12 rats
59 creatures vanquished.

Notes
Turn   | Place    | Note
-------+----------+-------------------------------------------
     0 | D:1      | Kohma the Gnoll Warper began the quest for the Orb.
     0 | D:1      | Reached XP level 1. HP: 20/20 MP: 6/6
   145 | D:1      | Reached XP level 2. HP: 26/26 MP: 7/7
   161 | D:1      | Learned a level 2 spell: Blink
   164 | D:1      | Learned a level 2 spell: Shroud of Golubria
   555 | D:1      | Reached XP level 3. HP: 22/31 MP: 9/9
   666 | D:1      | Reached skill level 5 in Spellcasting
  1010 | D:2      | Reached skill level 1 in Invocations
  1019 | D:2      | Learned a level 3 spell: Confusing Touch
  1359 | D:2      | Noticed Terence
  1376 | D:2      | Killed Terence
  1376 | D:2      | Reached skill level 1 in Short Blades
  1376 | D:2      | Reached skill level 1 in Axes
  1376 | D:2      | Reached skill level 1 in Maces & Flails
  1376 | D:2      | Reached skill level 1 in Polearms
  1376 | D:2      | Reached skill level 1 in Staves
  1376 | D:2      | Reached skill level 1 in Slings
  1376 | D:2      | Reached skill level 1 in Bows
  1376 | D:2      | Reached skill level 1 in Crossbows
  1376 | D:2      | Reached skill level 1 in Stealth
  1376 | D:2      | Reached skill level 1 in Shields
  1376 | D:2      | Reached skill level 1 in Unarmed Combat
  1376 | D:2      | Reached skill level 1 in Evocations
  1376 | D:2      | Reached XP level 4. HP: 21/38 MP: 8/11
  2052 | D:2      | Reached skill level 1 in Conjurations
  2052 | D:2      | Reached skill level 1 in Hexes
  2052 | D:2      | Reached skill level 1 in Charms
  2052 | D:2      | Reached skill level 1 in Summonings
  2052 | D:2      | Reached skill level 1 in Necromancy
  2052 | D:2      | Reached skill level 1 in Transmutations
  2052 | D:2      | Reached skill level 1 in Fire Magic
  2052 | D:2      | Reached skill level 1 in Ice Magic
  2052 | D:2      | Reached skill level 1 in Air Magic
  2052 | D:2      | Reached skill level 1 in Earth Magic
  2052 | D:2      | Reached skill level 1 in Poison Magic
  2154 | D:3      | Slain by a gnoll

Levels and vault maps discovered:
D:1:      psy_arrival_dodecagon, layout_rooms
D:2:      minmay_door_path, layout_basic, minmay_quantized, uniq_terence
D:3:      layout_basic, first_ration

Skill      XL: |  1  2  3  4 |
---------------+-------------+-----
Spellcasting   | 5 |  5.1
Invocations    | 1 |  1.3
Short Blades   | 1 |  1.2
Axes           | 1 |  1.2
Maces & Flails | 1 |  1.2
Polearms       | 1 |  1.2
Staves         | 1 |  1.2
Slings         | 1 |  1.2
Bows           | 1 |  1.2
Crossbows      | 1 |  1.2
Stealth        | 1 |  1.2
Shields        | 1 |  1.2
Unarmed Combat | 1 |  1.2
Evocations     | 1 |  1.2
Conjurations   | 1 |  1.0
Hexes          | 1 |  1.0
Charms         | 1 |  1.0
Summonings     | 1 |  1.0
Necromancy     | 1 |  1.0
Transmutations | 1 |  1.0
Fire Magic     | 1 |  1.0
Ice Magic      | 1 |  1.0
Air Magic      | 1 |  1.0
Earth Magic    | 1 |  1.0
Poison Magic   | 1 |  1.0
Fighting       | |  4.6
Long Blades    | |  4.6
Throwing       | |  2.8
Armour         | |  2.8
Dodging        | |  4.6
Translocations | |  5.5

Action                   |  1- 3 |  4- 6 || total
-------------------------+-------+-------++-------
Melee: Falchion          |   137 |       ||   137
       Bite              |    18 |     2 ||    20
       Punch             |     1 |     1 ||     2
       Hand axe          |       |    31 ||    31
 Cast: Shroud of Golubri |     2 |       ||     2
  Eat: Chunk             |     2 |     2 ||     4
Armor: Leather armour    |    18 |       ||    18
       Ring mail         |    15 |    10 ||    25
Dodge: Dodged            |   112 |    27 ||   139
       Rpst.: Falchion   |    27 |       ||    27

Table legend:
 A = Non-vault XP
 B = Vault XP
 C = Vault XP percentage of total XP
 D = Non-vault monster count
 E = Vault monster count
 F = Vault count percentage of total count
                 A         B        C        D         E       F
            +---------+---------+-------+---------+---------+-------
      Total |      93 |      44 |  32.1 |      54 |       5 |   8.5
            +---------+---------+-------+---------+---------+-------
        D:1 |      56 |       0 |   0.0 |      34 |       0 |   0.0
        D:2 |      36 |      44 |  55.0 |      19 |       5 |  20.8
        D:3 |       1 |       0 |   0.0 |       1 |       0 |   0.0
            +---------+---------+-------+---------+---------+-------
